AoeStats
← vortice_anonimo

MegaRandom

510416502Analyzed
2v2 RM · 2d ago on Sep 30, 2026· 108m 5s· 4 players
Game mode
Random Map
Map size
Medium (4 player)
Population
200
Speed
Normal
Resources
Standard
Victory
Conquest
Starting age
Dark Age
Ending age
Imperial Age
RankedLock teamsTeams togetherTeam positionsShared explorationLock speedFull tech treeHidden civsTurbo modeCheats
Victory
Defeat
🇺🇸 Britons · United States
559
+9
🇻🇪 Khmer · Venezuela
493
+11
🇦🇷 Vietnamese · Argentina
387
-10
🇦🇷 Spanish · Argentina
387
-10
Conejo Malo
0:31 Loom
10:03 Feudal Age
10:34 Double-Bit Axe
19:21 Castle Age
19:16 Gold Mining
20:20 Bow Saw
20:26 Horse Collar
20:47 Fishing Lines
25:24 Wheelbarrow
26:26 Fletching
27:54 Gillnets
28:27 Hand Cart
28:09 Stone Mining
28:58 Thumb Ring
28:50 Bodkin Arrow
30:29 Padded Archer Armor
32:46 Ballistics
33:50 Forging
33:53 Heavy Plow
35:08 Light Cavalry
36:00 Bloodlines
36:50 Careening
36:52 Clinker Construction
37:10 Husbandry
37:25 Scale Barding Armor
41:54 Imperial Age
40:51 Leather Archer Armor
40:59 Chain Barding Armor
41:16 Iron Casting
41:29 Pikeman
42:14 Squires
42:42 Bracer
43:45 Chemistry
43:15 Dry Dock
43:13 Hussar
46:06 Heavy Mounted Crossbowman
47:47 Town Watch
48:47 Plate Barding Armor
49:13 Blast Furnace
48:44 Ring Archer Armor
52:21 Elite Conquistador
59:22 Cavalier
65:11 Elite Cannon Galleon
73:00 Paladin
vortice_anonimo
12:35 Feudal Age
13:09 Double-Bit Axe
13:20 Stone Mining
13:21 Gold Mining
17:40 Wheelbarrow
21:43 Horse Collar
24:24 Castle Age
24:57 Fletching
25:07 Padded Archer Armor
26:48 Crossbowman
27:33 Thumb Ring
27:46 Forging
27:42 Scale Barding Armor
27:37 Scale Mail Armor
27:53 Leather Archer Armor
37:00 Imperial Age
34:37 Chatras
35:49 Bow Saw
36:37 Iron Casting
36:18 Chain Mail Armor
37:38 Heavy Plow
38:54 Two-Man Saw
39:34 Bodkin Arrow
40:10 Ring Archer Armor
42:10 Chemistry
41:31 Ballistics
41:39 Chain Barding Armor
42:10 Arbalester
46:15 Paper Money
47:09 Arson
46:44 Elite Fire Lancer
47:26 Squires
52:30 Bombard Tower
53:18 Caravan
53:49 Coinage
54:15 Elite Rattan Archer
61:32 Elite Battle Elephant
66:21 Demolition Ship
91:30 Elite Skirmisher
LosBajaElo
1:29 Loom
12:46 Feudal Age
19:07 Double-Bit Axe
20:02 Wheelbarrow
20:30 Horse Collar
26:49 Castle Age
33:05 Imperial Age
31:59 Bow Saw
32:20 Stone Mining
33:47 Gold Mining
33:57 Fishing Lines
34:25 Heavy Plow
36:57 Fletching
41:17 Padded Archer Armor
41:12 Bodkin Arrow
44:09 Chemistry
43:00 Elite Longbowman
45:12 Fortified Wall
44:57 Murder Holes
45:43 Town Watch
46:20 Hand Cart
47:02 Conscription
47:37 Ballistics
48:40 Two-Man Saw
48:41 Siege Engineers
49:47 Warwolf
49:56 Warwolf
51:02 Medium Warships
51:04 Town Patrol
53:48 Leather Archer Armor
54:26 Gold Shaft Mining
54:29 Caravan
54:46 Masonry
54:17 Treadmill Crane
54:40 Pikeman
56:50 Yeomen
65:02 Squires
68:37 Yeomen
69:38 Ring Archer Armor
69:09 Bracer
74:04 Halberdier
77:00 Gambesons
77:00 Arson
79:05 Scale Mail Armor
79:16 Forging
90:36 Coinage
90:16 Guilds
90:28 Chain Mail Armor
90:48 Iron Casting
90:47 Architecture
93:04 Man-at-Arms
99:43 Heated Shot
102:13 Banking
106:29 Spies/Treason
Vzla_Carlos18
10:20 Loom
13:03 Feudal Age
22:43 Castle Age
20:42 Horse Collar
20:50 Double-Bit Axe
20:57 Gold Mining
21:01 Stone Mining
21:04 Town Watch
21:55 Wheelbarrow
24:54 Heavy Plow
25:08 Bow Saw
25:02 Town Patrol
25:41 Gold Shaft Mining
25:46 Stone Shaft Mining
28:13 Hand Cart
29:59 Caravan
35:54 Imperial Age
36:21 Murder Holes
36:37 Fortified Wall
36:37 Masonry
36:18 Heated Shot
36:51 Ballistics
38:49 Crop Rotation
39:32 Chemistry
38:38 Siege Engineers
39:12 Architecture
41:21 Heavy Scorpion
42:25 Conscription
42:06 Double Crossbow
42:41 Hoardings
41:50 Elite Cannon Galleon
48:12 Siphons
48:19 Clinker Construction
48:21 Careening
48:02 Heated Shot
50:16 Padded Archer Armor
50:06 Fletching
50:21 Scale Mail Armor
50:32 Forging
50:28 Scale Barding Armor
53:44 Carvel Hull
53:49 Dry Dock
53:03 Sappers
54:02 Leather Archer Armor
53:43 Bodkin Arrow
54:09 Chain Barding Armor
54:04 Chain Mail Armor
54:25 Iron Casting
56:16 Husbandry
56:26 Bloodlines
56:32 Bloodlines
55:44 Light Cavalry
57:08 Plate Barding Armor
57:03 Ring Archer Armor
56:34 Bracer
56:03 Light Cavalry
59:51 Blast Furnace
59:50 Hussar
106:13 Elite Ballista Elephant
108:36 Tusk Swords
Connection lost

Rejoining the realm…

Still unreachable

The connection could not be restored.

Session expired

The server has moved on; the page needs a fresh start.